 Dungeon Crawl Stone Soup version 0.19.5 (webtiles) character file.

51 Santreim the Conjurer (level 3, -3/19 HPs)
             Began as a Deep Elf Conjurer on Mar 8, 2017.
             Was a Follower of Elyvilon.
             Slain by a gnoll
             ... wielding a +0 spear
             ... created by the fury of Okawaru
              (11 damage)
             ... on level 2 of the Dungeon.
             The game lasted 00:08:23 (1504 turns).

Santreim the Conjurer (Deep Elf Conjurer)           Turns: 1504, Time: 00:08:24

Health: -3/19      AC:  5    Str:  8    XL:     3   Next: 58%
Magic:  5/9        EV: 13    Int: 25    God:    Elyvilon [*.....]
Gold:   32         SH:  0    Dex: 15    Spells: 2 memorised, 5 levels left

rFire  . . .     SeeInvis .     i - +1 dagger
rCold  . . .     Gourm    .     j - +0 robe
rNeg   . . .     Faith    .     (no shield)
rPois  .         Spirit   .     (no helmet)
rElec  .         Reflect  .     (no cloak)
rCorr  .         Harm     .     f - +2 pair of gloves {Str+3}
MR     .....                    (no boots)
Stlth  ++........               (no amulet)
                                (no ring)
                                p - +5 ring of intelligence

@: no status effects
A: no striking features
a: Lesser Healing, Divine Protection, Renounce Religion


You were on level 2 of the Dungeon.
You worshipped Elyvilon.
Elyvilon was aware of your devotion.
You were not hungry.

You visited 1 branch of the dungeon, and saw 2 of its levels.

You collected 32 gold pieces.

Inventory:

Hand Weapons
 g - a +0 dagger
 h - a +0 dagger
 i - a +1 dagger (weapon)
 l - a +0 dagger
 n - a +0 dagger
Armour
 a - a +0 robe
 f - a +2 pair of gloves of strength (worn)
 j - a +0 robe (worn)
Jewellery
 p - a +5 ring of intelligence (left hand)
Potions
 d - a potion of invisibility {unknown}
 e - a potion of flight {unknown}
 k - a potion of ambrosia {unknown}
 o - a potion of curing {unknown}
Books
 b - a book of Conjurations

   Spells                             Type                      Level
   a - Magic Dart                     Conjuration                  1
   b - Searing Ray                    Conjuration                  2
   c - Dazzling Spray                 Conjuration/Hexes            3
   d - Fulminant Prism                Conjuration/Hexes            4
   e - Iskenderun's Mystic Blast      Conjuration                  4
   f - Iskenderun's Battlesphere      Conjuration/Charms           5
Comestibles
 c - a bread ration
 m - 3 fruits


   Skills:
 + Level 0.2 Fighting
 + Level 2.7 Dodging
 + Level 2.4 Stealth
 + Level 3.4 Spellcasting
 + Level 5.5 Conjurations


You had 5 spell levels left.
You knew the following spells:

 Your Spells              Type           Power        Failure   Level  Hunger
a - Magic Dart            Conj           ####         1%          1    None
b - Searing Ray           Conj           ####..       1%          2    #......


Dungeon Overview and Level Annotations

Branches:
Dungeon (2/15)

Altars:
Dithmenos
Elyvilon
Kikubaaqudgha
Okawaru
Ru


Message History

Casting: Magic Dart
Confirm with . or Enter, or press ? or * to list all spells.
Aiming: Magic Dart
Press: ? - help, Shift-Dir - straight line, f/p - hobgoblin
Aim: a hobgoblin (severely wounded)
The magic dart hits the hobgoblin.
You kill the hobgoblin!
The bat barely misses you. The bat closely misses you.
The bat barely misses you. The bat hits you but does no damage.
Okawaru sends forces against you!
Found a stone staircase leading up. 4 gnolls come into view.
You hit the gnoll but do no damage. The bat barely misses you.
The ball python bites you. The ball python barely misses you.
The bat hits you but does no damage. The ball python completely misses you.
The ball python closely misses you. The gnoll closely misses you.
The gnoll hits you from afar with a spear!
The gnoll barely misses you. The gnoll hits you with a spear!
Ouch! That really hurt!
You die...

#.<..# #....# #....#
#....# #....# #..g.#
#####
.####..g.###########....
.....[.@Sg...........###
.#######g.##############
#b.... ##... #.......
##...# ........# ##.....
#.#......# #......
#......... #......
...........#......
.....#.....


You could see 4 gnolls, a bat and a ball python.

Vanquished Creatures
  A gnoll (D:1)
  A dart slug (D:1)
  A leopard gecko (D:1)
  3 bats
  2 giant cockroaches (D:1)
  6 goblins (D:1)
  4 hobgoblins
  7 jackals (D:1)
  3 kobolds (D:1)
  A ball python (D:1)
  3 rats (D:1)
32 creatures vanquished.

Notes
Turn   | Place    | Note
-------+----------+-------------------------------------------
     0 | D:1      | Santreim the Deep Elf Conjurer began the quest for the Orb.
     0 | D:1      | Reached XP level 1. HP: 10/10 MP: 6/6
   191 | D:1      | Reached XP level 2. HP: 15/15 MP: 6/8
   195 | D:1      | Learned a level 2 spell: Searing Ray
   254 | D:1      | Reached skill level 5 in Conjurations
   545 | D:1      | Reached XP level 3. HP: 16/19 MP: 1/9
  1411 | D:2      | Found an ancient bone altar of Kikubaaqudgha.
  1411 | D:2      | Found a faded altar of an unknown god.
  1418 | D:2      | Found a faded altar of an unknown god.
  1420 | D:2      | Found a faded altar of an unknown god.
  1421 | D:2      | Found a faded altar of an unknown god.
  1436 | D:2      | Became a worshipper of Dithmenos the Shadowed
  1436 | D:2      | Reached * piety under Dithmenos
  1446 | D:2      | Fell from the grace of Dithmenos
  1446 | D:2      | Became a worshipper of Ru the Awakened
  1449 | D:2      | Fell from the grace of Ru
  1449 | D:2      | Became a worshipper of Warmaster Okawaru
  1449 | D:2      | Reached * piety under Okawaru
  1458 | D:2      | Fell from the grace of Okawaru
  1458 | D:2      | Became a worshipper of Elyvilon the Healer
  1458 | D:2      | Reached * piety under Elyvilon
  1504 | D:2      | Slain by a gnoll

Skill      XL: |  1  2 |
---------------+-------+-----
Conjurations   | 5 |  5.5
Fighting       | |  0.2
Dodging        | |  2.7
Stealth        | |  2.4
Spellcasting   | |  3.4

Action                   || total
-------------------------++-------
Melee: Dagger            ||    29
 Cast: Magic Dart        ||    52
       Searing Ray       ||     2
  Use: Scroll            ||     3
  Eat: Bread ration      ||     1
Armor: Robe              ||     8
Dodge: Dodged            ||    43
